 Dungeon Crawl Stone Soup version 0.27.0-1-g7a089689b8 (webtiles) character file.

Game seed: 10573760553251729969

17014 SnakkuSnakku7 the Quickloader (level 12, 0/92 HPs)
             Began as a Vampire Hunter on Aug 6, 2021.
             Was a High Priest of Sif Muna.
             Killed by refrigeration
             ... invoked by Fannar
              (24 damage)
             ... on level 11 of the Dungeon.
             The game lasted 00:19:59 (9751 turns).

SnakkuSnakku7 the Quickloader (Vampire Hunter)      Turns: 9751, Time: 00:20:00

Health: 0/92       AC: 12    Str: 15    XL:     12   Next: 15%
Magic:  12/12      EV: 14    Int: 15    God:    Sif Muna [*****.]
Gold:   665        SH:  0    Dex: 20    Spells: 11/11 levels left

rFire    + . .     SeeInvis +   a - +1 arbalest (vorpal)
rCold    . . .     Faith    .   (shield currently unavailable)
rNeg     . . .     Spirit   .   w - +2 scale mail {rF+}
rPois    .         Reflect  .   c - +2 hat {Stlth+}
rElec    .         Harm     .   z - +1 cloak
rCorr    .         Rampage  .   (no gloves)
Will     +....                  (no boots)
Stlth    ++........             n - amulet of regeneration
HPRegen  1.45/turn              m - +6 ring of dexterity
MPRegen  0.13/turn              r - +4 ring of evasion

@: healing quickly
A: alive, fangs 3, see invisible, vampiric 2
a: Exsanguinate, Renounce Religion, Channel Magic, Forget Spell, Divine Exegesis


You were on level 11 of the Dungeon.
You worshipped Sif Muna.
Sif Muna was extremely pleased with you.
You visited 1 branch of the dungeon, and saw 11 of its levels.

You collected 665 gold pieces.

Inventory:

Hand Weapons
 a - a +1 vorpal arbalest (weapon)
 b - a +1 dagger of venom
Missiles
 d - 56 bolts (quivered ammo)
 K - a throwing net
Armour
 c - a +2 hat of stealth (worn)
 w - a +2 scale mail of fire resistance (worn)
 z - a +1 cloak (worn)
Jewellery
 m - a +6 ring of dexterity (left hand)
 n - an amulet of regeneration (around neck)
 r - a +4 ring of evasion (right hand)
 A - a +4 ring of evasion
Wands
 k - a wand of iceblast (7)
 p - a wand of flame (54)
 u - a wand of mindburst (17)
 x - a wand of paralysis (7)
 G - a wand of digging (3)
 H - a wand of acid (19)
 J - a wand of polymorph (10)
Scrolls
 g - 2 scrolls of magic mapping
 i - a scroll of fear
 j - 2 scrolls of teleportation
 q - 3 scrolls of enchant armour
 s - a scroll of silence
 y - a scroll of fog
 D - a scroll of immolation {unknown}
 L - a scroll of summoning
Potions
 e - 4 potions of invisibility
 f - a potion of cancellation
 h - 2 potions of magic {unknown}
 l - a potion of curing
 o - 2 potions of heal wounds
 t - a potion of flight
 v - 2 potions of might
 B - a potion of brilliance {unknown}
 C - 2 potions of mutation
 E - a potion of haste
 F - 2 potions of attraction {unknown}
 M - a potion of ambrosia {unknown}


   Skills:
 - Level 8.0 Fighting
 + Level 14.9 Crossbows
 - Level 2.1 Dodging
 - Level 1.5 Stealth


You had 11 spell levels left.
You didn't know any spells.
Your spell library contained the following spells:

 Spells                   Type           Power      Damage    Failure   Level
 Beastly Appendage        Tmut           0%         N/A       75%         1
 Magic Dart               Conj           0%         1d3       75%         1
 Pain                     Necr           0%         1d4       75%         1
 Call Imp                 Summ           0%         N/A       86%         2
 Searing Ray              Conj           0%         3d3       86%         2
 Static Discharge         Conj/Air       0%         N/A       86%         2
 Ignite Poison            Fire/Tmut/Pois 0%         N/A       98%         3
 Mephitic Cloud           Conj/Pois/Air  0%         N/A       98%         3
 Ozocubu's Armour         Ice            0%         N/A       98%         3
 Swiftness                Air            0%         N/A       98%         3
 Fulminant Prism          Conj/Hex       0%         3d6       100%        4
 Ice Form                 Ice/Tmut       0%         N/A       100%        4
 Leda's Liquefaction      Hex/Erth       0%         N/A       100%        4
 Petrify                  Tmut/Erth      0%         N/A       100%        4
 Bolt of Magma            Conj/Fire/Erth 0%         4d4       100%        5
 Borgnjor's Vile Clutch   Necr/Erth      0%         N/A       100%        5
 Excruciating Wounds      Necr           0%         N/A       100%        5
 Fireball                 Conj/Fire      0%         3d3       100%        5
 Iskenderun's Battlesphe  Conj           0%         2d6       100%        5
 Conjure Ball Lightning   Conj/Air       0%         3x3d6     100%        6
 Statue Form              Tmut/Erth      0%         N/A       100%        6
 Orb of Destruction       Conj           0%         N/A       100%        7
 Ozocubu's Refrigeration  Ice            0%         4d5       100%        7


Dungeon Overview and Level Annotations

Branches:
Dungeon (11/15)            Temple (0/1) D:6            Lair (0/6) D:11
    Orc: D:9-12

Altars:
Cheibriados
Dithmenos
Elyvilon
Hepliaklqana
Nemelex Xobeh
Ru
Sif Muna
Trog
Vehumet
Yredelemnul
The Shining One

Annotations:
D:8 2 transporters, karkarkar's ghost, novice MiBe
D:11 1 runed translucent door, Fannar; ProzacElf's ghost, journeyman SpAE


Innate Abilities, Weirdness & Mutations

Your natural rate of healing is accelerated.
You have razor-sharp teeth.
You have supernaturally acute eyesight. (SInv)
You are afflicted with vampirism and can become a bat while bloodless.


Message History

You kill the unseen horror!
Sif Muna accepts your kill.
C - 2 potions of mutation (gained 1)
You open the door.
There is an open door here.
There is an open door here.
ProzacElf's ghost says, "First you will suffer, then you will die."
ProzacElf's ghost says, "First you will suffer, then you will die."
ProzacElf's ghost screams, "Zot is a myth, the ORB is a fable, you'll soon be a tale!"
ProzacElf's ghost screams, "You will never get the ORB!"
Key pressed, stopping explore.
You open the door.
There is an open door here.
For a moment, ProzacElf's ghost blends into the shadows.
Fannar is nearby!
Fannar is nearby!
Your +1 dagger of venom stops dripping with poison.
a - a +1 vorpal arbalest (weapon)
Fannar shouts!
You shoot a bolt. The bolt barely misses Fannar.
You shoot a bolt. The bolt hits Fannar!!
Fannar is moderately wounded.
Fannar gestures wildly while chanting.
Fannar drains the heat from the surrounding environment!
You shoot a bolt. The bolt barely misses Fannar.
Fannar casts a spell.
Fannar drains the heat from the surrounding environment!
ProzacElf's ghost shrieks, "I was like you once."
Unknown command.
You shoot a bolt. The bolt hits Fannar!
Fannar is moderately wounded.
Fannar casts a spell.
Fannar drains the heat from the surrounding environment!
Unknown command.
Fannar points at you and mumbles some strange words.
The bolt of cold hits you!!
* * * LOW HITPOINT WARNING * * *
Fannar casts a spell.
Fannar drains the heat from the surrounding environment!
You die...

.....'(.(...#.......#.....#
.....#...(..+.......#.....#
.....#....e.#.......#.....#
.....##.....#.......#.....#
##+####.............#.....#
.....#....#+#.......#.....#
.....'...##.##......#.....#
.....#..##...##.....#.....#
...###.##.....##@...#.....#
...###.#⌠.!♣..W#....#....##
.......##..!..##....######
........##...##.....#
.........##⌠##......#
#####.....###.......#
...##...............#
...+........#.......#
...#........#.......#


You could see Fannar and ProzacElf's ghost.

Vanquished Creatures
  Gastronok (D:9)
  3 two-headed ogres
  A skeletal warrior (D:8)
  A deep elf pyromancer (D:8)
  2 cyclopes (D:11)
  Joseph (D:9)
  An unseen horror (D:11)
  A kobold demonologist (D:9)
  3 trolls
  Prince Ribbit (D:8)
  A slime creature (D:7)
  A hornet (D:9)
  2 wraiths
  A shadow (D:11)
  15 yaks
  A wyvern (D:7)
  2 steam dragons
  An acid dragon (D:9)
  3 water moccasins
  Duvessa (D:5)
  10 orc warriors
  2 ice beasts (D:7)
  2 sky beasts
  2 black bears
  A necrophage (D:8)
  A hornet zombie (D:7)
  2 ogres
  5 centaurs
  2 bullfrogs
  Dowan (D:5)
  2 scorpions (D:7)
  2 wyvern skeletons
  17 killer bees
  4 wights
  An electric eel (D:6)
  A howler monkey (D:5)
  6 centaur zombies
  2 hounds
  12 jellies
  2 bullfrog skeletons
  6 orc priests
  Jessica (D:3)
  An iguana (D:4)
  Terence (D:3)
  2 scorpion zombies
  13 orc wizards
  2 killer bee zombies
  A hound zombie (D:3)
  2 howler monkey zombies
  8 gnolls
  15 adders
  A white imp (D:8)
  An ufetubus (D:5)
  An adder skeleton (D:4)
  An adder zombie (D:5)
  3 worms
  5 dart slugs
  35 orcs
  6 bats
  14 endoplasms
  3 giant cockroaches
  9 goblins
  9 hobgoblins
  13 jackals
  4 quokkas
  14 ball pythons
  A frilled lizard (D:1)
  4 kobolds
  4 rats
300 creatures vanquished.

Vanquished Creatures (others)
  2 orc wizards
  A howler monkey zombie (D:8)
  An orc (D:6)
  8 fungi (D:7)
12 creatures vanquished.

Grand Total: 312 creatures vanquished

Notes
Turn   | Place    | Note
-------+----------+-------------------------------------------
     0 | D:1      | SnakkuSnakku7 the Vampire Hunter began the quest for the
                  | Orb.
     0 | D:1      | Reached XP level 1. HP: 16/16 MP: 1/1
   203 | D:1      | Reached XP level 2. HP: 22/22 MP: 2/2
   418 | D:1      | Reached skill level 4 in Crossbows
   495 | D:1      | Gained mutation: You are afflicted with vampirism and can
                  | become a bat while bloodless. [Vampire growth]
   495 | D:1      | Reached XP level 3. HP: 27/27 MP: 3/3
   692 | D:2      | Found a faded altar of an unknown god.
   889 | D:2      | Reached XP level 4. HP: 33/33 MP: 4/4
  1209 | D:2      | Reached skill level 5 in Crossbows
  1434 | D:2      | Became a worshipper of Sif Muna the Loreminder
  1434 | D:2      | Reached * piety under Sif Muna
  1902 | D:3      | Reached XP level 5. HP: 34/38 MP: 5/5
  2186 | D:3      | Reached ** piety under Sif Muna
  2232 | D:3      | Noticed Jessica
  2249 | D:3      | Killed Jessica
  2250 | D:3      | Reached skill level 6 in Crossbows
  2282 | D:3      | Reached XP level 6. HP: 40/44 MP: 6/6
  2410 | D:3      | Found a basalt altar of Yredelemnul.
  2596 | D:3      | Noticed Terence
  2614 | D:3      | Killed Terence
  2693 | D:3      | Found a bloodstained altar of Trog.
  3208 | D:4      | Reached skill level 7 in Crossbows
  3216 | D:4      | Reached XP level 7. HP: 49/49 MP: 7/7
  3262 | D:4      | Found a hazy altar of Hepliaklqana.
  3305 | D:4      | Reached *** piety under Sif Muna
  3605 | D:5      | Entered Level 5 of the Dungeon
  3828 | D:5      | Noticed Duvessa
  3835 | D:5      | Noticed Dowan
  3850 | D:5      | Killed Duvessa
  3851 | D:5      | Reached skill level 8 in Crossbows
  3855 | D:5      | Killed Dowan
  3947 | D:5      | Reached XP level 8. HP: 54/55 MP: 8/8
  4301 | D:6      | Found a radiant altar of Vehumet.
  4336 | D:6      | Reached skill level 9 in Crossbows
  4435 | D:6      | Found a sacrificial altar of Ru.
  4438 | D:6      | Identified the +1 ring mail of Tender Moments {rC+ Str-5
                  | Int+7}
  4582 | D:6      | Found a sparkling altar of Nemelex Xobeh.
  4679 | D:6      | Noticed a troll
  4708 | D:6      | Killed a troll
  4836 | D:6      | Found a staircase to the Ecumenical Temple.
  4951 | D:7      | Reached **** piety under Sif Muna
  4952 | D:7      | Reached skill level 10 in Crossbows
  4957 | D:7      | Found a snail-covered altar of Cheibriados.
  5071 | D:7      | Reached XP level 9. HP: 54/65 MP: 9/9
  5304 | D:7      | Reached skill level 5 in Fighting
  5482 | D:7      | Identified the ring "Gibavios" {Fly MP+9}
  5754 | D:8      | Found a transporter.
  5754 | D:8      | Noticed a moth of wrath
  5754 | D:8      | Noticed karkarkar's ghost (novice MiBe)
  5758 | D:8      | Noticed a komodo dragon
  5769 | D:8      | Found a transporter.
  5920 | D:8      | Noticed a deep elf pyromancer
  6122 | D:8      | Noticed Prince Ribbit
  6209 | D:8      | Killed Prince Ribbit
  6216 | D:8      | Reached ***** piety under Sif Muna
  6217 | D:8      | Reached XP level 10. HP: 10/80 MP: 10/10
  6218 | D:7      | HP: 2/80 [poisoned by an orc wizard]
  6420 | D:8      | Received a gift from Sif Muna
  6431 | D:8      | Got Sif Muna's Volume of Flying Black Secrets {god gift}
  6516 | D:8      | Noticed a skeletal warrior
  6599 | D:8      | Reached skill level 11 in Crossbows
  6696 | D:8      | Killed a skeletal warrior
  6965 | D:8      | Reached skill level 12 in Crossbows
  7153 | D:8      | Killed a deep elf pyromancer
  7273 | D:9      | Noticed Joseph
  7296 | D:9      | Killed Joseph
  7476 | D:9      | Reached XP level 11. HP: 86/86 MP: 11/11
  7581 | D:9      | Paralysed by a hornet for 1 turns
  7750 | D:9      | Reached skill level 13 in Crossbows
  7910 | D:9      | Found a shadowy altar of Dithmenos.
  7950 | D:9      | Noticed Gastronok
  7964 | D:9      | Killed Gastronok
  8208 | D:10     | Entered Level 10 of the Dungeon
  8208 | D:10     | Noticed a two-headed ogre
  8388 | D:10     | Killed a two-headed ogre
  8444 | D:10     | Reached skill level 14 in Crossbows
  8507 | D:10     | Noticed a two-headed ogre
  8517 | D:10     | Killed a two-headed ogre
  8517 | D:10     | Received a gift from Sif Muna
  8521 | D:10     | Got Wiobipn's Incunabulum of Transmigration {god gift}
  9051 | D:11     | Found a runed translucent door.
  9053 | D:11     | Noticed ProzacElf's ghost (journeyman SpAE)
  9178 | D:11     | Noticed a two-headed ogre
  9185 | D:11     | Killed a two-headed ogre
  9186 | D:11     | Reached XP level 12. HP: 92/92 MP: 12/12
  9485 | D:11     | Noticed Fannar
  9604 | D:11     | Found a staircase to the Lair.
  9751 | D:11     | Killed from afar by Fannar

Illustrated notes

Levels and vault maps discovered:
D:1:      wander_arrival_estate, layout_rooms
D:2:      layout_basic, chequers_ecumenical_altar_twisty
D:3:      layout_basic, lemuel_zombie_altar_yredelemnul, trog_hazing_becter,
          minmay_starry_boxes, uniq_jessica, uniq_terence
D:4:      layout_rooms, general_overflow_altar
D:5:      layout_basic, uniq_duvessa
D:6:      layout_basic, mainiacjoe_overflow_paths, mainiacjoe_overflow_24_doors,
          nemelex_diamond_rough_becter, minmay_temple_entry_purple_smoke,
          kennysheep_another_room, minivault_14, hellmonk_bongcloud_opening
D:7:      lemuel_slime, layout_basic, cheibriados_altar_1, grunt_decor_fettered
D:8:      minmay_imperfect_grid, layout_rooms,
          gammafunk_ghost_berserking_beasts, uniq_prince_ribbit1
D:9:      layout_loops_cross, tso_altar, gammafunk_temple_overflow_statue,
          uniq_joseph, uniq_gastronok
D:10:     layout_roguey
D:11:     layout_gridville, lair_entry_dummy, hellmonk_ghost_happy_afterlife,
          uniq_fannar

Skill      XL: |  1  2  3  4  5  6  7  8  9 10 11 |
---------------+----------------------------------+-----
Crossbows      | 4 5 6 7 8 10 12 14 | 14.9
Fighting       | 3 8 |  8.0
Dodging        | |  2.1
Stealth        | |  1.5

Action                   |  1- 3 |  4- 6 |  7- 9 | 10-12 || total
-------------------------+-------+-------+-------+-------++-------
Melee: Short sword       |   101 |    38 |       |       ||   139
       Bite              |    13 |    35 |    80 |   100 ||   228
       Dagger            |       |   255 |   513 |   502 ||  1270
 Fire: Hand crossbow     |    17 |    17 |    30 |       ||    64
       Arbalest          |       |       |    36 |   153 ||   189
Throw: Throwing net      |       |       |     1 |       ||     1
Evoke: Wand              |       |       |     5 |     3 ||     8
  Use: Scroll            |       |       |    13 |     6 ||    19
       Potion            |       |       |       |     3 ||     3
 Stab: Sleeping          |     1 |       |       |       ||     1
Armor: Leather armour    |    26 |       |       |       ||    26
       Plate armour      |    26 |   244 |   329 |   152 ||   751
       Scale mail        |       |       |       |   233 ||   233
Dodge: Dodged            |    53 |    75 |   224 |   459 ||   811
